 Dungeon Sprint DCSS version 0.23-a0-635-g88ca12a (webtiles) character file.

1800000 galech the Executioner (level 15, -16/131 HPs)
             Began as a Demonspawn Gladiator on Dec 27, 2018.
             Was a Believer of Makhleb.
             Engulfed by a cloud of flame (17 damage)
             ... in the Dungeon (Sprint VIII: "Arena of Blood").
             The game lasted 00:00:54 (18 turns).

galech the Executioner (Demonspawn Gladiator)         Turns: 18, Time: 00:00:55

Health: -16/131    AC:  4    Str: 20    XL:     15   Next: 94%
Magic:  15/15      EV: 33    Int: 10    God:    Makhleb [**....]
Gold:   0          SH:  6    Dex: 20    Spells: 14/14 levels left

rFire    . . .     SeeInvis .   l - +∞ Axe of Woe
rCold    . . .     Gourm    .   (shield currently unavailable)
rNeg     . . .     Faith    .   b - +0 leather armour
rPois    .         Spirit   .   c - +0 helmet
rElec    .         Reflect  .   (no cloak)
rCorr    .         Harm     .   (no gloves)
MR       +....     NoTele   +   (no boots)
Stlth    ++++......             (no amulet)
HPRegen  0.31/turn              m - +30 ring of slaying
MPRegen  0.14/turn              (no ring)

@: mighty
A: talons 2, large bone plates 2, nightstalker 2, powered by pain 1
a: Minor Destruction, Renounce Religion


You were in the Dungeon.
You worshipped Makhleb.
Makhleb was pleased with you.
You were not hungry.

You visited 1 branch

Inventory:

Hand Weapons
 a - a +0 war axe
 l - the +∞ Axe of Woe (weapon)
   (You found it in the Dungeon)
Missiles
 d - 3 throwing nets (quivered)
Armour
 b - a +0 leather armour (worn)
 c - a +0 helmet (worn)
Jewellery
 m - a +30 ring of slaying (left hand)
 n - a +30 ring of slaying
Scrolls
 k - a scroll of blinking
Potions
 e - a potion of curing
 g - a potion of heal wounds
 h - a potion of haste
 i - 2 potions of magic
 j - a potion of berserk rage
Comestibles
 f - a ration


   Skills:
 + Level 16.1 Fighting
 + Level 25.9 Axes
 + Level 14.4 Throwing
 + Level 2.4 Armour
 + Level 25.1 Dodging


You had 14 spell levels left.
You didn't know any spells.
Your spell library was empty.

Dungeon Overview and Level Annotations

Branches:
Dungeon (1/1)

Altars:
Makhleb


Innate Abilities, Weirdness & Mutations

You have razor-sharp toenails.
You are mostly covered in large bone plates. (SH +6)
You are significantly more attuned to the shadows.
You sometimes gain a little power by taking damage.


Message History

Your Dodging skill gained 2 levels and is now at level 23!
You have reached level 15!
Your experience leads to an increase in your attributes!
Your base attributes are Str 15, Int 10, Dex 19.
Increase (S)trength, (I)ntelligence, or (D)exterity?
You feel agile.
You hear a shout! x6
You dice the large bag of meat like an onion!!!
You dissect the large bag of meat like a pig carcass.
The large bag of meat explodes!
The fiery explosion engulfs you!
* * * LOW HITPOINT WARNING * * *
Makhleb accepts your kill.
Your Fighting skill gained 2 levels and is now at level 16!
Your Axes skill increases to level 25!
Your Throwing skill increases to level 14!
Your Armour skill increases to level 2!
Your Dodging skill gained 2 levels and is now at level 25!
You are engulfed in blazing flames.
You die...

#... .# .#... #...
..# .....###...
..###.
..........###......
..#........_......
#.......#.....#
..%.....#_.<._#
#......)#.....#.
#...§@..._......
.......§§.###......
...%.###......o###.
..... #o......#
.... #.......# ....
......... .#.
......... .........


You could see a bag of meat.

Vanquished Creatures
  An ogre (D)
  A two-headed ogre (D)
  4 orcs (D)
6 creatures vanquished.

Notes
Turn   | Place    | Note
-------+----------+-------------------------------------------
     0 | D        | Found the +∞ Axe of Woe
     0 | D        | galech the Demonspawn Gladiator began the quest for the
                  | Orb.
     0 | D        | Reached XP level 1. HP: 16/16 MP: 1/1
     4 | D        | Became a worshipper of Makhleb the Destroyer
     4 | D        | Noticed a bag of meat
     5 | D        | Noticed a bag of meat
     5 | D        | Noticed a bag of meat
     6 | D        | Noticed a bag of meat
     8 | D        | Killed a bag of meat
     8 | D        | Gained mutation: You have sharp toenails. [demonic
                  | ancestry]
     8 | D        | Reached XP level 2. HP: 35/35 MP: 2/2
     8 | D        | Reached XP level 3. HP: 41/41 MP: 3/3
     8 | D        | Reached XP level 4. HP: 47/47 MP: 4/4
     8 | D        | Gained mutation: You are partially covered in large bone
                  | plates. (SH +4) [demonic ancestry]
     8 | D        | Reached XP level 5. HP: 53/53 MP: 5/5
     8 | D        | Reached XP level 6. HP: 60/60 MP: 6/6
     8 | D        | Reached XP level 7. HP: 65/65 MP: 7/7
     8 | D        | Gained mutation: You sometimes gain a little power by
                  | taking damage. [demonic ancestry]
     8 | D        | Reached XP level 8. HP: 72/72 MP: 8/8
     8 | D        | Reached XP level 9. HP: 78/78 MP: 9/9
     8 | D        | Gained mutation: You are mostly covered in large bone
                  | plates. (SH +6) [demonic ancestry]
     8 | D        | Reached XP level 10. HP: 85/85 MP: 10/10
     8 | D        | Gained mutation: You are slightly more attuned to the
                  | shadows. [demonic ancestry]
     8 | D        | Reached XP level 11. HP: 90/90 MP: 11/11
     9 | D        | Killed a bag of meat
     9 | D        | Reached * piety under Makhleb
     9 | D        | Reached skill level 10 in Throwing
     9 | D        | Gained mutation: You have razor-sharp toenails. [demonic
                  | ancestry]
     9 | D        | Reached XP level 12. HP: 100/100 MP: 12/12
    12 | D        | Killed a bag of meat
    12 | D        | Reached XP level 13. HP: 109/109 MP: 13/13
    12 | D        | Noticed a meat berserker
    13 | D        | Killed a bag of meat
    13 | D        | Gained mutation: You are significantly more attuned to the
                  | shadows. [demonic ancestry]
    13 | D        | Reached XP level 14. HP: 118/118 MP: 14/14
    15 | D        | Noticed a large bag of meat
    15 | D        | Noticed a bag of meat
    17 | D        | Killed a meat berserker
    17 | D        | Reached ** piety under Makhleb
    17 | D        | Reached skill level 1 in Armour
    17 | D        | Reached XP level 15. HP: 37/127 MP: 15/15
    18 | D        | Killed a large bag of meat
    18 | D        | HP: 1/127 [large bag of meat/exploding inner flame (36)]
    18 | D        | Engulfed by a cloud of flame

Vault maps used:
D:        meatsprint

Skill      XL: |  1  2  3  4  5  6  7  8  9 10 11 12 13 14 15 |
---------------+----------------------------------------------+-----
Fighting       | 9 11 12 13 14 16 | 16.1
Axes           | 16 19 20 22 24 25 | 25.9
Throwing       | 9 10 11 12 13 14 | 14.4
Dodging        | 16 18 20 21 23 25 | 25.1
Armour         | 1 2 |  2.4

Action                   |  1- 3 |  4- 6 |  7- 9 | 10-12 | 13-15 || total
-------------------------+-------+-------+-------+-------+-------++-------
Melee: Executioner's axe |     1 |       |       |     2 |     3 ||     6
Block: Other             |       |       |       |     1 |       ||     1

Table legend:
 A = Non-vault XP
 B = Vault XP
 C = Vault XP percentage of total XP
 D = Non-vault monster count
 E = Vault monster count
 F = Vault count percentage of total count
                 A         B        C        D         E       F
            +---------+---------+-------+---------+---------+-------
      Total |       0 |  150479 | 100.0 |       0 |       6 | 100.0
            +---------+---------+-------+---------+---------+-------
          D |       0 |  150479 | 100.0 |       0 |       6 | 100.0
            +---------+---------+-------+---------+---------+-------
